[Event "Titled Tuesday Blitz June 27 Late 2023"]
[White "Kavutskiy, Konstantin"]
[Black "Graif, William"]
[WhiteFideId "2026384"]
[BlackFideId "2609835"]
[WhiteElo "2621"]
[BlackElo "2504"]
[Result "1-0"]
[Round "9"]
[TimeControl "180+2"]
[Date "2023.06.27"]
[WhiteClock "0:00:24"]
[BlackClock "0:00:00"]
[Board "61"]

1. d4 Nf6 2. Bg5 d5 3. Nd2 c5 4. e3 cxd4 5. exd4 Nc6 6. c3 Qb6 7. Qb3 Bf5 8. Qxb6 axb6 9. Ngf3 Nd7 10. Bb5 h6 11. Bf4 e6 12. O-O Be7 13. Ne5 Ndxe5 14. Bxe5 O-O 15. Bc7 Bd8 16. Bd6 Be7 17. Bxe7 Nxe7 18. a4 Nc8 19. Rfe1 Nd6 20. Bf1 Bc2 21. Ra3 Ra7 22. Rea1 Rfa8 23. b3 Rc8 24. c4 dxc4 25. bxc4 Ra5 26. R1a2 Bf5 27. Be2 Ra7 28. a5 1-0


[Site "https://www.chess.com"]

[Event "Titled Tuesday Blitz June 27 Late 2023"]
[White "Uzcategui Rodriguez, Alejandro"]
[Black "Moral Garcia, Serafin"]
[WhiteFideId "3903400"]
[BlackFideId "2201925"]
[WhiteElo "2485"]
[BlackElo "2603"]
[Result "0-1"]
[Round "9"]
[TimeControl "180+2"]
[Date "2023.06.27"]
[WhiteClock "0:00:00"]
[BlackClock "0:00:17"]
[Board "62"]

1. d4 Nf6 2. Nf3 g6 3. Bg5 Bg7 4. Nbd2 d5 5. e3 O-O 6. Be2 c5 7. c3 b6 8. O-O Bb7 9. Ne5 Nbd7 10. f4 Ne8 11. Bh4 Nd6 12. Bg4 Nf6 13. Bh3 e6 14. g4 Qe8 15. g5 Nd7 16. Ndf3 Ne4 17. Qc2 Nxe5 18. Nxe5 Rc8 19. Qe2 Qe7 20. Bg2 Nd6 21. Ng4 Nf5 22. Bf2 h5 23. gxh6 Nxh6 24. Nxh6+ Bxh6 25. Qg4 Bg7 26. h4 Qf6 27. Bf3 Qf5 28. Qg2 cxd4 29. exd4 Qxf4 30. Rae1 Qh6 31. Bg3 Bf6 32. Qh2 Kg7 33. Be5 Bxe5 34. Rxe5 Ba6 35. Rf2 Bd3 36. h5 Rh8 37. Qg3 Bf5 38. Bxd5 Qxh5 39. Be4 Qd1+ 40. Rf1 Qd2 41. Bxf5 exf5 42. Rexf5 Rcf8 43. R5f2 Qh6 44. Qe5+ Kg8 45. Rh2 Qg7 46. Rxh8+ Kxh8 47. Qxg7+ Kxg7 48. Kf2 f5 49. Ke3 Kf6 50. Rh1 Rf7 51. Rh8 g5 52. Kf3 g4+ 53. Kf4 Rg7 54. Rf8+ Ke7 55. Rxf5 g3 56. Re5+ Kd6 57. Re1 g2 58. Rg1 Kd5 59. Ke3 Kc4 60. Kd2 a5 61. b3+ Kd5 62. Kd3 Rg3+ 63. Kd2 b5 64. Ke2 b4 65. cxb4 axb4 66. Kf2 Rg4 67. Rxg2 Rxg2+ 68. Kxg2 Kxd4 69. Kf3 Kc3 70. Ke2 Kb2 0-1


[Site "https://www.chess.com"]

[Event "Titled Tuesday Blitz June 27 Late 2023"]
[White "Zavortink, Matt"]
[Black "Zeynalli, Rashad"]
[WhiteFideId "2034263"]
[BlackFideId "13403320"]
[WhiteElo "2478"]
[BlackElo "2597"]
[Result "0-1"]
[Round "9"]
[TimeControl "180+2"]
[Date "2023.06.27"]
[WhiteClock "0:00:11"]
[BlackClock "0:01:32"]
[Board "63"]

1. Nf3 d5 2. d4 Nf6 3. Bf4 e6 4. e3 Bd6 5. Bg3 c5 6. c3 Bxg3 7. hxg3 Nbd7 8. Nbd2 Qc7 9. Qc2 e5 10. Nxe5 Nxe5 11. dxe5 Qxe5 12. Bb5+ Bd7 13. Bxd7+ Kxd7 14. O-O-O Kc7 15. c4 Rad8 16. cxd5 Rxd5 17. Nf3 Qd6 18. e4 Rxd1+ 19. Rxd1 Qe7 20. e5 Nd7 21. Rd5 Kb8 22. Kb1 Rc8 23. Qxh7 g6 24. Qh4 Qe6 25. Qe4 Nf6 0-1


[Site "https://www.chess.com"]

[Event "Titled Tuesday Blitz June 27 Late 2023"]
[White "MKlose11"]
[Black "Gulamali, Kazim"]
[BlackFideId "2024764"]
[WhiteElo "2586"]
[BlackElo "2467"]
[Result "1-0"]
[Round "9"]
[TimeControl "180+2"]
[Date "2023.06.27"]
[WhiteClock "0:01:21"]
[BlackClock "0:00:05"]
[Board "64"]

1. d4 Nf6 2. Nf3 e6 3. g3 b5 4. Bg2 Bb7 5. O-O Be7 6. b3 O-O 7. a4 a6 8. axb5 axb5 9. Rxa8 Bxa8 10. Re1 b4 11. Nbd2 Ne4 12. Bb2 f5 13. Qa1 Bd5 14. Nxe4 Bxe4 15. Nd2 Bxg2 16. Kxg2 d5 17. Qa7 Nc6 18. Qa6 Qa8 19. Ra1 Qxa6 20. Rxa6 Nd8 21. Nf3 Bd6 22. Bc1 Nf7 23. Bf4 Rc8 24. Rc6 h6 25. Bxd6 Nxd6 26. Ne5 Kf8 27. f3 Ke7 28. e3 g5 29. Kf2 Kd8 30. Ra6 Ke8 31. h3 h5 32. Ke2 Kf8 33. Nc6 Ke8 34. Nxb4 Kd7 35. Nd3 Rb8 36. Ne5+ Kc8 37. Ra7 Nb5 38. Ra6 Rb6 39. Rxb6 cxb6 40. h4 gxh4 41. gxh4 Kc7 42. Ng6 Kd6 43. Nf4 Ke7 44. Nxh5 Nd6 45. Nf4 Nf7 46. c4 Kd6 47. Kd3 dxc4+ 48. bxc4 e5 49. Ng6 exd4 50. exd4 Ke6 51. f4 Nd6 52. h5 Kf6 53. c5 bxc5 54. dxc5 Ne4 55. Kd4 Kg7 56. c6 Nd6 57. Kd5 Ne8 58. Ke6 Nc7+ 59. Kd7 Nb5 60. c7 Nxc7 61. Kxc7 Kh6 62. Kd6 Kxh5 63. Ne7 Kg4 64. Ke5 Kh5 65. Nxf5 1-0


[Site "https://www.chess.com"]

[Event "Titled Tuesday Blitz June 27 Late 2023"]
[White "lagarto93"]
[Black "marik_spb"]
[WhiteElo "2584"]
[BlackElo "2467"]
[Result "0-1"]
[Round "9"]
[TimeControl "180+2"]
[Date "2023.06.27"]
[WhiteClock "0:00:39"]
[BlackClock "0:00:10"]
[Board "65"]

1. e4 c6 2. c4 d5 3. exd5 cxd5 4. cxd5 Nf6 5. Nc3 Nxd5 6. Nf3 Nc6 7. Bb5 Nxc3 8. bxc3 Bd7 9. d4 e6 10. O-O Bd6 11. Bd3 Qc7 12. Re1 Ne7 13. c4 O-O 14. Bb2 Ng6 15. d5 Rfe8 16. Qd2 exd5 17. cxd5 Ne5 18. Nxe5 Bxe5 19. Rac1 Qd6 20. Bxe5 Rxe5 21. Rxe5 Qxe5 22. Bc4 Qd6 23. Re1 b5 24. Bb3 a5 25. h3 a4 26. Bc2 g6 27. Bb1 b4 28. Qd3 Rb8 29. Rd1 b3 30. axb3 axb3 31. Qc3 b2 32. Rd2 Qb4 33. Qe3 Re8 34. Qd3 Re1+ 35. Kh2 Qf4+ 36. g3 Qe5 37. Bc2 Rc1 38. Rd1 Bf5 39. Qe3 Qxe3 40. fxe3 0-1


[Site "https://www.chess.com"]

[Event "Titled Tuesday Blitz June 27 Late 2023"]
[White "Luong Phuong Hanh"]
[Black "Przybylski, Wojciech"]
[WhiteFideId "12401013"]
[BlackFideId "1117599"]
[WhiteElo "2455"]
[BlackElo "2578"]
[Result "0-1"]
[Round "9"]
[TimeControl "180+2"]
[Date "2023.06.27"]
[WhiteClock "0:00:00"]
[BlackClock "0:00:03"]
[Board "66"]

1. d4 Nf6 2. Nf3 e6 3. e3 Be7 4. Bd3 O-O 5. O-O b6 6. c4 Bb7 7. Nc3 d5 8. b3 Nbd7 9. Bb2 Rc8 10. Rc1 c5 11. cxd5 exd5 12. Ne2 Re8 13. Bf5 g6 14. Bh3 Rc6 15. Ne5 Rd6 16. Nc3 a6 17. Na4 Bc6 18. dxc5 Nxc5 19. Nxc5 bxc5 20. Rxc5 Bb5 21. Re1 Ne4 22. Rc8 Qa5 23. Rxe8+ Bxe8 24. a4 Rb6 25. Ng4 h5 26. Ne5 Rxb3 27. Bd4 Bb4 28. Rf1 Bxa4 29. Qf3 Be8 30. Qf4 Bf8 31. Nxg6 Qd8 32. Nxf8 Kxf8 33. Qh6+ Ke7 34. Qxh5 Qd6 35. Qh8 Rb8 36. Be5 Qb6 37. Qh4+ Kf8 38. Qh8+ Ke7 39. Bxb8 Qxb8 40. Qh4+ Kf8 41. Qh6+ Ke7 42. Qxa6 Qc7 43. Qa3+ Kf6 44. Bg4 Bc6 45. h3 Qb6 46. Qf8 Kg6 47. Qg8+ Kf6 48. Qh8+ Ke7 49. Qe5+ Kf8 50. h4 Qc5 51. h5 Qc3 52. Qb8+ Kg7 53. Qf4 Qf6 54. Qxf6+ Nxf6 55. Bf3 Bd7 56. Rd1 Be6 57. Rd4 Kh6 58. Rf4 Kg5 59. Rd4 Kh6 60. g3 Kg5 61. g4 Kh6 62. Kg2 Kg5 63. Kg3 Bc8 64. Rd3 Be6 65. Rd4 Bc8 0-1


[Site "https://www.chess.com"]

[Event "Titled Tuesday Blitz June 27 Late 2023"]
[White "Pinheiro, Iung Alicio de O."]
[Black "Mickiewicz, Piotr"]
[WhiteFideId "2104350"]
[BlackFideId "1114891"]
[WhiteElo "2575"]
[BlackElo "2453"]
[Result "1-0"]
[Round "9"]
[TimeControl "180+2"]
[Date "2023.06.27"]
[WhiteClock "0:00:06"]
[BlackClock "0:00:11"]
[Board "67"]

1. d4 d5 2. c4 e6 3. Nc3 a6 4. cxd5 exd5 5. Nf3 Nf6 6. Bg5 Be6 7. e3 Bd6 8. Bd3 Nbd7 9. Rc1 h6 10. Bf4 Qe7 11. O-O O-O 12. Re1 Bg4 13. h3 Bxf4 14. hxg4 Bd6 15. g5 hxg5 16. Nxg5 g6 17. Qf3 c6 18. e4 Nxe4 19. Ncxe4 dxe4 20. Nxe4 Kg7 21. Nc5 Bxc5 22. Rxe7 Bxe7 23. d5 c5 24. d6 Bf6 25. Qxb7 Ne5 26. Qd5 Rab8 27. b3 Nxd3 28. Qxd3 Bd4 29. Qxa6 Ra8 30. Qe2 Rfd8 31. Rxc5 Bxc5 32. Qe5+ Kg8 33. Qxc5 Rxa2 34. Qc7 Raa8 35. d7 Kf8 36. Qd6+ Kg8 37. Qc7 Kf8 38. Qd6+ Kg8 39. Qe7 Rf8 40. b4 Rad8 41. b5 f5 42. b6 Rb8 43. b7 Rfd8 44. g3 Rf8 45. Kg2 Rbd8 46. Kf3 Rb8 47. Kf4 Rbd8 48. Kg5 Rb8 49. Kxg6 Rf7 50. Qxf7+ Kh8 51. Qg7# 1-0


[Site "https://www.chess.com"]

[Event "Titled Tuesday Blitz June 27 Late 2023"]
[White "szachmistrz2500"]
[Black "Ganiev, Roman"]
[BlackFideId "4131452"]
[WhiteElo "2453"]
[BlackElo "2573"]
[Result "0-1"]
[Round "9"]
[TimeControl "180+2"]
[Date "2023.06.27"]
[WhiteClock "0:00:00"]
[BlackClock "0:00:05"]
[Board "68"]

1. d4 Nf6 2. Nf3 e6 3. c4 b6 4. a3 Bb7 5. Nc3 d5 6. Bg5 Be7 7. e3 h6 8. Bh4 Nbd7 9. b4 O-O 10. c5 a5 11. Rb1 axb4 12. axb4 bxc5 13. bxc5 Bc6 14. Bd3 e5 15. Be2 e4 16. Nd2 Ra3 17. Qc2 Qa8 18. O-O Rb8 19. Rxb8+ Qxb8 20. Rb1 Qa8 21. Bg3 Qa5 22. Nb3 Qa7 23. h3 Nf8 24. Nb5 Bxb5 25. Bxb5 Ne6 26. Qb2 Ra2 27. Qc1 Nh5 28. Bh2 Bh4 29. Rb2 Ra3 30. g4 Nf6 31. Be2 Qa4 32. Qc2 c6 33. Nd2 Ra1+ 34. Kg2 Qxc2 35. Rxc2 Nd7 36. Bd6 Bf6 37. Nf1 g6 38. Ng3 Kg7 39. Rb2 Ndxc5 40. Rb6 Nd3 41. Rxc6 Ra2 42. Kf1 Bh4 43. Be5+ Nxe5 44. dxe5 Bxg3 45. fxg3 d4 46. Bc4 Ra1+ 47. Kf2 d3 48. Rd6 Nc5 49. h4 Ra7 50. g5 hxg5 51. hxg5 Re7 52. Rd5 Ne6 53. Rd4 Nxg5 54. e6 f5 55. Rd7 Kf6 56. Rd8 Nxe6 57. Rd6 Ke5 58. Rd5+ Kf6 59. Rd6 Kf7 60. g4 fxg4 61. Kg3 Kf6 62. Kxg4 Ke5 63. Rd5+ Kf6 64. Rd6 Re8 65. Kg3 Ke5 66. Rd5+ Kf6 67. Kg4 Rd8 0-1


[Site "https://www.chess.com"]

[Event "Titled Tuesday Blitz June 27 Late 2023"]
[White "Ambartsumova, Karina"]
[Black "liwadas82"]
[WhiteFideId "4166299"]
[WhiteElo "2561"]
[BlackElo "2450"]
[Result "0-1"]
[Round "9"]
[TimeControl "180+2"]
[Date "2023.06.27"]
[WhiteClock "0:00:00"]
[BlackClock "0:00:04"]
[Board "69"]

1. e4 e5 2. Nf3 Nc6 3. Bc4 Bc5 4. O-O Nf6 5. d4 Bxd4 6. Nxd4 Nxd4 7. Bg5 d6 8. f4 Be6 9. Na3 h6 10. Bh4 g5 11. fxg5 Nxe4 12. Qh5 Nxg5 13. Rxf7 Bxf7 14. Bxf7+ Kd7 15. Qg4+ Kc6 16. c3 Ngf3+ 17. gxf3 Qxh4 18. cxd4 Qxg4+ 19. fxg4 exd4 20. Be6 d5 21. Bf5 a6 22. Nc2 Kd6 23. Nxd4 c5 24. Ne6 h5 25. h3 hxg4 26. hxg4 Rae8 27. Nf4 d4 28. Rd1 b5 29. b4 cxb4 30. Rxd4+ Kc5 31. Rd5+ Kb6 32. Rd6+ Ka5 33. g5 Re1+ 34. Kf2 Ra1 35. Be6 Rf8 36. Kg3 Rg1+ 37. Ng2 Rb1 38. g6 Rf6 39. Nh4 Re1 40. g7 Rg1+ 41. Kh2 Rxg7 42. Nf5 Rg5 43. Nd4 Rh6+ 44. Bh3 Rxd6 45. Nb3+ Kb6 0-1


[Site "https://www.chess.com"]

[Event "Titled Tuesday Blitz June 27 Late 2023"]
[White "JERO-8914"]
[Black "Palencia Morales, Wilson Guillermo"]
[BlackFideId "4401859"]
[WhiteElo "2444"]
[BlackElo "2555"]
[Result "0-1"]
[Round "9"]
[TimeControl "180+2"]
[Date "2023.06.27"]
[WhiteClock "0:00:00"]
[BlackClock "0:00:19"]
[Board "70"]

1. c4 Nf6 2. Nc3 g6 3. d4 d6 4. e4 Bg7 5. Be2 O-O 6. Nf3 c5 7. O-O Nc6 8. d5 Na5 9. h3 a6 10. Be3 e6 11. dxe6 Bxe6 12. b3 Ng4 13. hxg4 Bxc3 14. Rc1 Bb2 15. Rc2 Bg7 16. g5 Rb8 17. Rd2 Qc7 18. Rxd6 Bd4 19. Rxd4 cxd4 20. Bxd4 Rfd8 21. Qc1 Nc6 22. Bb2 Qa5 23. a3 Rd7 24. b4 Qd8 25. Qc3 f6 26. gxf6 Bf7 27. b5 Na7 28. Ne5 Rd2 29. Nxf7 Kxf7 30. Bf3 Rc8 31. e5 Nxb5 32. Qc1 Na7 33. Bxb7 Rc7 34. Bf3 Qd7 35. Bc3 Rd3 36. Qh6 Rxc3 37. Qxg6+ hxg6 0-1


[Site "https://www.chess.com"]

[Event "Titled Tuesday Blitz June 27 Late 2023"]
[White "Labussiere, Yago"]
[Black "Golubev, Mikhail"]
[WhiteFideId "2186969"]
[BlackFideId "14100983"]
[WhiteElo "2440"]
[BlackElo "2547"]
[Result "0-1"]
[Round "9"]
[TimeControl "180+2"]
[Date "2023.06.27"]
[WhiteClock "0:00:06"]
[BlackClock "0:00:02"]
[Board "71"]

1. c4 g6 2. Nc3 Bg7 3. g3 e5 4. Bg2 d6 5. d3 Nc6 6. e4 Nd4 7. Nge2 Nxe2 8. Nxe2 f5 9. O-O Nf6 10. exf5 Bxf5 11. d4 e4 12. h3 O-O 13. g4 Bd7 14. Ng3 d5 15. cxd5 Bb5 16. Re1 Bd3 17. Qb3 Kh8 18. Bg5 Qd6 19. Rad1 Nxd5 20. Rxd3 exd3 21. Qxd5 Bxd4 22. Be3 Bxe3 23. Rxe3 Qf6 24. Qxd3 Qxf2+ 25. Kh2 Qxb2 26. Qc3+ Qxc3 27. Rxc3 c6 28. Rb3 Rf7 29. Ne4 Rd8 30. Kg3 Rd4 31. Nc5 b6 32. Ne4 c5 33. Ng5 Re7 34. h4 Red7 35. Nf3 Rd3 36. Rb2 Kg7 37. Bf1 Re3 38. Bc4 Rde7 39. Rf2 R3e4 40. Bd5 Re3 41. h5 gxh5 42. gxh5 Kh6 43. Kg4 Rd3 44. Bc4 Rd8 45. Ng5 Rd4+ 46. Rf4 Rxf4+ 47. Kxf4 Kxh5 48. Ne4 h6 49. Be2+ Kg6 50. Bd3 Kg7 51. Ng3 Rf7+ 52. Nf5+ Kf8 53. Ke5 h5 54. Be2 Rd7 55. Bxh5 Rd2 56. a4 Ra2 57. Kd5 Rxa4 58. Kc6 Ra3 59. Nd6 Rd3 60. Nb5 c4 61. Nxa7 c3 62. Bg6 c2 63. Bxd3 c1=Q+ 64. Kxb6 Qe3+ 65. Ka6 Qxd3+ 66. Nb5 Ke7 67. Kb6 Qc4 68. Nc7 Kd6 69. Nb5+ Kd7 70. Ka5 Qb3 71. Nd4 Qb2 72. Nb5 Kc6 73. Na7+ Kc5 74. Ka4 Qa2# 0-1


[Site "https://www.chess.com"]

[Event "Titled Tuesday Blitz June 27 Late 2023"]
[White "Guzman Moneo, Alberto"]
[Black "D`Arruda, Ricardo D."]
[WhiteFideId "2209616"]
[BlackFideId "100692"]
[WhiteElo "2399"]
[BlackElo "2546"]
[Result "0-1"]
[Round "9"]
[TimeControl "180+2"]
[Date "2023.06.27"]
[WhiteClock "0:00:00"]
[BlackClock "0:01:13"]
[Board "72"]

1. e4 c5 2. Nc3 e6 3. Nge2 Nc6 4. g3 d6 5. Bg2 Nf6 6. O-O Be7 7. d4 cxd4 8. Nxd4 O-O 9. Nxc6 bxc6 10. e5 Nd5 11. exd6 Bxd6 12. Ne4 Be7 13. c4 Nb4 14. a3 Nd3 15. Qc2 Nxc1 16. Raxc1 Rb8 17. Rfd1 Qc7 18. c5 e5 19. Nd6 Be6 20. b4 a5 21. Qe4 axb4 22. axb4 Bd5 23. Qxe5 Bxg2 24. Kxg2 Rxb4 25. Nxf7 Qa7 26. Nd6 Qa2 27. Rf1 Rb2 28. Nf5 Bf6 29. Qe4 Bg5 30. Rcd1 Re2 31. Ne3 Rxe3 0-1


[Site "https://www.chess.com"]

[Event "Titled Tuesday Blitz June 27 Late 2023"]
[White "Bernado Lopez, Roger"]
[Black "O`Gorman, Tom"]
[WhiteFideId "24585009"]
[BlackFideId "2508249"]
[WhiteElo "2367"]
[BlackElo "2541"]
[Result "1-0"]
[Round "9"]
[TimeControl "180+2"]
[Date "2023.06.27"]
[WhiteClock "0:00:25"]
[BlackClock "0:01:10"]
[Board "73"]

1. e4 c5 2. Nf3 d6 3. d4 cxd4 4. Nxd4 Nf6 5. Nc3 g6 6. Be3 Bg7 7. f3 O-O 8. Qd2 Nc6 9. Bc4 Bd7 10. O-O-O Rc8 11. Bb3 Nxd4 12. Bxd4 b5 13. Nd5 Nxd5 14. Bxg7 Kxg7 15. exd5 a5 16. a3 Qb6 17. Rhe1 Rfe8 18. g4 b4 19. a4 Qc5 20. h4 e5 21. h5 Rh8 22. h6+ Kf6 23. f4 Bxg4 24. fxe5+ dxe5 25. Rf1+ Bf5 26. d6 Rhd8 27. Qe1 Rxd6 28. Qh4+ g5 29. Rxf5+ Kxf5 30. Rf1+ Kg6 31. Qe4+ Kxh6 32. Rh1+ Kg7 33. Qxh7+ Kf6 34. Qxf7# 1-0


[Site "https://www.chess.com"]

[Event "Titled Tuesday Blitz June 27 Late 2023"]
[White "Cooklev, Steven"]
[Black "Pert, Richard G"]
[WhiteFideId "2050552"]
[BlackFideId "404748"]
[WhiteElo "2393"]
[BlackElo "2538"]
[Result "0-1"]
[Round "9"]
[TimeControl "180+2"]
[Date "2023.06.27"]
[WhiteClock "0:00:02"]
[BlackClock "0:00:45"]
[Board "74"]

1. e4 d5 2. exd5 Nf6 3. d4 Bg4 4. Be2 Bxe2 5. Qxe2 Qxd5 6. Nf3 Nc6 7. c4 Qf5 8. O-O O-O-O 9. d5 Nb4 10. Be3 e6 11. Nd4 Qd3 12. Qxd3 Nxd3 13. dxe6 Nxb2 14. exf7 Nxc4 15. Ne6 Rd7 16. Nxf8 Rxf8 17. Nc3 Nxe3 18. fxe3 Rdxf7 19. Rac1 c6 20. Nb5 Kb8 21. Nd6 Rd7 22. Nf5 Nd5 23. e4 Nb4 24. a3 Nd3 25. Rcd1 g6 26. Ne3 Rxf1+ 27. Kxf1 Ne5 28. Rxd7 Nxd7 29. Ke2 Kc7 30. Kf3 b5 31. Kf4 Kd6 32. Kg5 a5 33. Kh6 Nf6 34. Kg7 Nxe4 35. Kxh7 g5 36. Kg6 Ke5 37. g4 c5 38. a4 bxa4 39. Nc4+ Kd5 40. Nb6+ Kd4 41. Kf5 c4 42. Nxa4 c3 43. Nxc3 Kxc3 44. Kxe4 a4 45. Kf5 a3 46. Kxg5 a2 47. h4 a1=Q 48. h5 Kd3 49. Kg6 Qh8 50. h6 Ke4 51. g5 Kf4 52. Kh5 Kf5 53. g6 Qb2 54. h7 Qh2# 0-1


[Site "https://www.chess.com"]

[Event "Titled Tuesday Blitz June 27 Late 2023"]
[White "Liu, Casper"]
[Black "Fajdetic, Hrvoje"]
[WhiteFideId "1454153"]
[BlackFideId "14501945"]
[WhiteElo "2532"]
[BlackElo "2349"]
[Result "1-0"]
[Round "9"]
[TimeControl "180+2"]
[Date "2023.06.27"]
[WhiteClock "0:01:15"]
[BlackClock "0:00:00"]
[Board "75"]

1. e4 c5 2. d4 cxd4 3. Qxd4 Nc6 4. Qe3 g6 5. Nc3 Bg7 6. Bd2 d6 7. O-O-O Nf6 8. f3 O-O 9. h4 h5 10. Bc4 Ne5 11. Bb3 Bd7 12. Nge2 b5 13. Nf4 a5 14. Ncd5 Nc4 15. Bxc4 bxc4 16. Bc3 Nxd5 17. Rxd5 Bh6 18. g4 e5 19. g5 Bg7 20. Qd2 exf4 21. Bxg7 Kxg7 22. Rxd6 Qb8 23. Rxd7 Qb4 24. Qd4+ Kg8 25. a3 Qb5 26. Rd1 Rab8 27. Qc3 1-0


[Site "https://www.chess.com"]

[Event "Titled Tuesday Blitz June 27 Late 2023"]
[White "Pinto, Daniel"]
[Black "Ezat, Mohamed"]
[WhiteFideId "3303144"]
[BlackFideId "10600906"]
[WhiteElo "2417"]
[BlackElo "2549"]
[Result "0-1"]
[Round "9"]
[TimeControl "180+2"]
[Date "2023.06.27"]
[WhiteClock "0:00:00"]
[BlackClock "0:00:56"]
[Board "76"]

1. e4 e5 2. Nf3 g6 3. Nxe5 Qe7 4. Nf3 Qxe4+ 5. Be2 Bb4 6. O-O Nf6 7. Nc3 Bxc3 8. dxc3 O-O 9. Bg5 Kg7 10. Qd2 Ng8 11. Bd3 Qa4 12. c4 d6 13. Nd4 a6 14. Be3 Nc6 15. Nxc6 Qxc6 16. Bd4+ f6 17. f4 Bf5 18. Bxf5 gxf5 19. b3 Rfe8 20. Rf3 Ne7 21. Rg3+ Ng6 22. h4 Kf7 23. h5 Nf8 24. Rf1 Ne6 25. Bb2 Rg8 26. Qf2 Rxg3 27. Qxg3 Rg8 28. Qf2 Nxf4 29. Qf3 Rxg2+ 30. Kh1 Qxf3 31. Rxf3 Rxc2 0-1


[Site "https://www.chess.com"]

[Event "Titled Tuesday Blitz June 27 Late 2023"]
[White "Bruedigam, Martin"]
[Black "Prydun, Andriy"]
[WhiteFideId "24608033"]
[BlackFideId "14145898"]
[WhiteElo "2518"]
[BlackElo "2403"]
[Result "1-0"]
[Round "9"]
[TimeControl "180+2"]
[Date "2023.06.27"]
[WhiteClock "0:00:04"]
[BlackClock "0:00:00"]
[Board "77"]

1. c4 Nf6 2. e3 c6 3. b3 e5 4. Bb2 Bd6 5. Nf3 Qe7 6. d4 Bb4+ 7. Nc3 d6 8. Be2 O-O 9. O-O Re8 10. a3 Ba5 11. b4 Bc7 12. b5 Nbd7 13. a4 a5 14. Rb1 Nf8 15. Ba3 Qd8 16. bxc6 bxc6 17. d5 c5 18. e4 N6d7 19. Bd3 Nb8 20. Bc1 Na6 21. Rb3 Nb4 22. Bb1 Bd7 23. Ne1 Ng6 24. f3 Ne7 25. g4 Nc8 26. f4 exf4 27. Bxf4 Nb6 28. Qf3 Rf8 29. g5 Nxc4 30. Nb5 Bxb5 31. axb5 Qe7 32. Qh5 Ne5 33. Rh3 h6 34. gxh6 g6 35. h7+ Kh8 36. Qe2 a4 37. Bh6 Rfe8 38. Nc2 Nxc2 39. Qxc2 a3 40. Qb3 Bb6 41. Kh1 c4 42. Qg3 Bc5 43. Ba2 f6 44. Bf4 Qg7 45. Rb1 Bd4 46. b6 g5 47. Bd2 Bb2 48. Qf2 Reb8 49. Be3 Nd3 50. Qf5 Ne5 51. Rg3 Rf8 52. Rg2 Rf7 53. Rf1 Qxh7 54. Qe6 Qg7 55. Qxd6 Raf8 56. Qc5 Ng6 57. d6 Be5 58. Bxc4 Qh6 59. Bxf7 Rxf7 60. d7 Rxd7 61. Qc8+ Nf8 62. Bxg5 Qg7 63. Bxf6 Bxf6 64. Rxg7 Bxg7 65. Rxf8+ 1-0


[Site "https://www.chess.com"]

[Event "Titled Tuesday Blitz June 27 Late 2023"]
[White "Peycheva, Gergana"]
[Black "Carrasco Miranda, Andres"]
[WhiteFideId "2916711"]
[BlackFideId "3405990"]
[WhiteElo "2512"]
[BlackElo "2402"]
[Result "0-1"]
[Round "9"]
[TimeControl "180+2"]
[Date "2023.06.27"]
[WhiteClock "0:00:02"]
[BlackClock "0:00:11"]
[Board "78"]

1. d4 Nf6 2. c4 g6 3. Nc3 d5 4. cxd5 Nxd5 5. e4 Nxc3 6. bxc3 Bg7 7. Nf3 c5 8. Be3 Qa5 9. Qd2 O-O 10. Rc1 Nc6 11. d5 Ne5 12. Nxe5 Bxe5 13. Be2 e6 14. h4 exd5 15. exd5 Re8 16. h5 Bf5 17. hxg6 Bxg6 18. Kf1 c4 19. Bd4 Qxd5 20. Bf3 Qd6 21. Bxb7 Rad8 22. Rh4 Qf6 23. g3 Bd3+ 24. Kg1 Bxd4 25. Rg4+ Kh8 26. cxd4 Rxd4 27. Qc3 Rd6 28. Rf4 Qxc3 29. Rxc3 Re1+ 30. Kg2 f5 31. Bc8 Be4+ 32. Rxe4 fxe4 33. Rxc4 Rd2 34. Bf5 e3 35. Rc8+ Kg7 36. Rc7+ Kf6 37. Bxh7 Rxf2+ 38. Kh3 Rh1+ 39. Kg4 e2 40. Rc6+ Kg7 41. Rc7+ Kh8 42. Bd3 e1=Q 43. Rc8+ Kg7 44. Rc7+ Kf6 45. Rc6+ Ke5 46. Rc5+ Kd4 47. Rc4+ Kxd3 48. Ra4 Qe4+ 0-1


[Site "https://www.chess.com"]

[Event "Titled Tuesday Blitz June 27 Late 2023"]
[White "Arnold, Ken"]
[Black "Czerw, Dawid"]
[WhiteFideId "2056836"]
[BlackFideId "1145746"]
[WhiteElo "2398"]
[BlackElo "2494"]
[Result "0-1"]
[Round "9"]
[TimeControl "180+2"]
[Date "2023.06.27"]
[WhiteClock "0:00:00"]
[BlackClock "0:00:19"]
[Board "79"]

1. d4 d5 2. Nf3 Nf6 3. c3 c5 4. Bf4 Nc6 5. e3 e6 6. Be2 cxd4 7. exd4 Nh5 8. Be5 f6 9. Bg3 g6 10. Nbd2 Bg7 11. O-O O-O 12. a3 Nxg3 13. hxg3 e5 14. dxe5 fxe5 15. Qb3 b6 16. Rad1 Be6 17. Bb5 Na5 18. Qc2 Qe7 19. Rfe1 e4 20. Nd4 Bxd4 21. cxd4 Rac8 22. Qb1 Qf6 23. Rf1 Qxd4 24. b4 Nb7 25. Ba6 Rc7 26. Nc4 Qf6 27. Bxb7 Rxb7 28. Nd6 Rd7 29. Nb5 d4 30. Qxe4 Bc4 31. Rxd4 Bxb5 32. Rxd7 Bxd7 33. f4 Bc6 34. Qe3 Rd8 35. Kh2 Qf5 36. Rc1 Qh5+ 37. Kg1 Qd5 38. Qf2 Re8 39. a4 Bxa4 40. Rc7 Qd1+ 41. Kh2 Re1 0-1


[Site "https://www.chess.com"]

[Event "Titled Tuesday Blitz June 27 Late 2023"]
[White "Reprintsev, Alexander"]
[Black "Schuster, Karsten"]
[WhiteFideId "14100541"]
[BlackFideId "4611071"]
[WhiteElo "2479"]
[BlackElo "2361"]
[Result "1-0"]
[Round "9"]
[TimeControl "180+2"]
[Date "2023.06.27"]
[WhiteClock "0:00:17"]
[BlackClock "0:00:37"]
[Board "80"]

1. e4 d5 2. exd5 Qxd5 3. Nc3 Qd6 4. d4 c6 5. g3 Nf6 6. Bf4 Qb4 7. a3 Qa5 8. Bg2 Bg4 9. f3 Bf5 10. g4 Bg6 11. Ne2 e6 12. Kf2 Be7 13. h4 h5 14. g5 Nd5 15. Nxd5 cxd5 16. Bxb8 Rxb8 17. Nf4 Bf5 18. Bh3 Bxh3 19. Rxh3 Bd6 20. Nd3 g6 21. c3 O-O 22. f4 Qc7 23. Rf3 b5 24. Qd2 a5 25. b4 axb4 26. axb4 Ra8 27. Qb2 Qb7 28. Nc5 Bxc5 29. dxc5 Rxa1 30. Qxa1 Ra8 31. Qe1 Ra2+ 32. Kg3 Qa7 33. Qe5 Rd2 34. f5 Qa2 35. fxe6 Rg2+ 36. Kh3 f5 37. e7 Rh2+ 38. Qxh2 Qxh2+ 39. Kxh2 Kf7 40. Re3 Ke8 41. Kg3 1-0


[Site "https://www.chess.com"]

[Event "Titled Tuesday Blitz June 27 Late 2023"]
[White "GAO"]
[Black "Baches Garcia, Guillermo"]
[BlackFideId "2209764"]
[WhiteElo "2355"]
[BlackElo "2466"]
[Result "1-0"]
[Round "9"]
[TimeControl "180+2"]
[Date "2023.06.27"]
[WhiteClock "0:01:39"]
[BlackClock "0:00:36"]
[Board "81"]

1. Nf3 d5 2. e3 e6 3. b3 Nf6 4. Bb2 Be7 5. d4 O-O 6. Bd3 c5 7. Nbd2 b6 8. Ne5 Ba6 9. Bxa6 Nxa6 10. Nc6 Qd7 11. Nxe7+ Qxe7 12. O-O Nb4 13. a3 Nc6 14. dxc5 bxc5 15. c4 d4 16. exd4 cxd4 17. b4 e5 18. Re1 Qd6 19. Qf3 Rac8 20. Rad1 Rfe8 21. Qf5 g6 22. Qd3 Kg7 23. Nb3 e4 24. Qd2 d3 25. Nc5 Nd4 26. Nxe4 Nxe4 27. Qxd3 Qf4 28. Qxd4+ 1-0


[Site "https://www.chess.com"]

[Event "Titled Tuesday Blitz June 27 Late 2023"]
[White "Tomaszewski, Kacper"]
[Black "Cardozo Munar, Carlos Eduardo"]
[WhiteFideId "1127373"]
[BlackFideId "4409477"]
[WhiteElo "2463"]
[BlackElo "2334"]
[Result "1-0"]
[Round "9"]
[TimeControl "180+2"]
[Date "2023.06.27"]
[WhiteClock "0:00:18"]
[BlackClock "0:00:13"]
[Board "82"]

1. e4 e6 2. Nf3 d5 3. e5 c5 4. b4 cxb4 5. a3 d4 6. c3 bxc3 7. dxc3 dxc3 8. Qc2 Nc6 9. Nxc3 Bd7 10. Bd3 a6 11. O-O Nge7 12. Bg5 Qc7 13. Ne4 Ng6 14. Rfc1 Rc8 15. Nc5 Ncxe5 16. Nxd7 Qxc2 17. Bxc2 Nxd7 18. Ba4 Rxc1+ 19. Rxc1 f6 20. Rc8+ Ke7 21. Bd2 b5 22. Bb3 Nge5 23. Nd4 Nb6 24. Rc7+ Kd6 25. Ra7 Nec4 26. Bb4+ Kd5 27. Nc2 g5 28. Rxa6 Bxb4 29. axb4 Kc6 30. Nd4+ Kb7 31. Ra2 Rd8 32. Nxe6 Rd6 33. Nc5+ Kc6 34. g3 Nd5 35. Ra6+ Ncb6 36. Ra7 Nxb4 37. Ne4 Rd3 38. Bf7 Rd1+ 39. Kg2 N4d5 40. Be8+ Nd7 41. Rxd7 Kb6 42. Nxf6 Ne3+ 43. fxe3 Rxd7 44. Nxd7+ Ka5 45. Nf6 b4 46. Bf7 b3 47. Bxb3 Kb4 48. Bc2 h5 49. Bh7 h4 50. gxh4 gxh4 51. Kh3 Kc3 52. Kxh4 Kd2 53. e4 Ke3 54. e5 Kf4 55. e6 Ke5 56. e7 Kxf6 57. e8=Q Kg7 58. Qg6+ Kh8 59. Qg8# 1-0


[Site "https://www.chess.com"]